AoeStats
← rettet_den_Wald

Arabia

504785219Analyzed
2v2 RM · 27d ago on Sep 6, 2026· 33m 22s· 4 players
Game mode
Random Map
Map size
Medium (4 player)
Population
200
Speed
Normal
Resources
Standard
Victory
Conquest
Starting age
Dark Age
Ending age
Imperial Age
RankedLock teamsTeams togetherTeam positionsShared explorationLock speedFull tech treeHidden civsTurbo modeCheats
Victory
Defeat
🇩🇪 Shu · Germany
858
+15
🇩🇪 Burmese · Germany
853
+15
🇪🇸 Burgundians · Spain
851
-15
🇫🇷 Hindustanis · France
826
-26
rettet_den_Wald
6:00 Loom
13:48 Feudal Age
23:03 Castle Age
22:07 Horse Collar
22:26 Stone Mining
22:28 Gold Mining
23:48 Pikeman
24:29 Squires
34:23 Wheelbarrow
egon
10:28 Feudal Age
12:08 Double-Bit Axe
12:16 Loom
12:25 Gold Mining
17:53 Fletching
19:09 Padded Archer Armor
22:14 Castle Age
21:02 Wheelbarrow
20:09 Horse Collar
22:48 Pikeman
23:41 Scale Mail Armor
23:37 Bodkin Arrow
23:19 Crossbowman
24:35 Forging
25:08 Squires
25:25 Chain Mail Armor
26:29 Town Watch
29:05 Bodkin Arrow
29:26 Leather Archer Armor
32:01 Hand Cart
Goualman
10:21 Feudal Age
13:01 Bloodlines
28:14 Castle Age
27:08 Gold Mining
27:11 Stone Mining
28:47 Double-Bit Axe
29:33 Pikeman
30:16 Squires
32:34 Arson
wheks
12:57 Feudal Age
12:29 Loom
16:41 Castle Age
16:30 Double-Bit Axe
18:36 Forging
20:51 Husbandry
20:14 Light Cavalry
20:48 Cavalier
27:35 Bow Saw
Connection lost

Rejoining the realm…

Still unreachable

The connection could not be restored.

Session expired

The server has moved on; the page needs a fresh start.